 Dungeon Crawl Stone Soup version 0.32-a0-981-g384da2ce10 (webtiles) character file.

Game seed: 14069244269915083385

1933 KennySheep the Thaumaturge (level 8, -10/48 HPs)
             Began as a Deep Elf Hedge Wizard on Apr 21, 2024.
             Was an Elder of Ashenzari.
             Mangled by an orc warrior
             ... wielding a +0 halberd
              (14 damage)
             ... on level 6 of the Dungeon.
             The game lasted 00:48:20 (6603 turns).

KennySheep the Thaumaturge (Deep Elf Hedge Wizard)  Turns: 6603, Time: 00:48:20

Health: -10/48     AC:  3    Str:  7    XL:     8   Next: 97%
Magic:  41/41      EV: 12    Int: 22    God:    Ashenzari [****..]
Gold:   267        SH:  0    Dex: 14    Spells: 14/25 levels left

rFire   + . .        y - +6 hand axe of the Chewing Fool {freeze, MP+9}
rCold   . . .        (no shield)
rNeg    . . .        b - +0 robe "Restrained With Me" {Bglg, Dev} (curse)
rPois   .            c - +0 hat "Cursed With Me" {Comp, Cun} (curse)
rElec   .            k - +0 cloak of the Eye in the Sky {Range, Fort} (curse)
rCorr   .            (no gloves)
SInv    +            (no boots)
Will    .....        s - amulet "Fetters of Ashenzari" {RegenMP+, Fort, Comp} (curse)
Stlth   ++++         n - ring of the Eternal Stickiness {MP+9, Dev, Sorc} (curse)
HPRegen 0.28/turn    q - ring of the Ruined Sun {rF+, Melee, Bglg} (curse)
MPRegen 0.67/turn

%: clarity
@: inugami summoned
A: no striking features
a: Renounce Religion, Shatter the Chains


You were on level 6 of the Dungeon.
You worshipped Ashenzari.
Ashenzari was greatly pleased with you.
You visited 1 branch of the dungeon, and saw 7 of its levels.

You collected 412 gold pieces.
You spent 145 gold pieces at shops.

Inventory:

Hand Weapons
 a - a +0 dagger
 y - the +6 hand axe of the Chewing Fool (weapon) {freeze, MP+9}
   (You found it on level 6 of the Dungeon)

   MP+9:      It affects your magic capacity (+9).
Armour
 b - the cursed +0 robe "Restrained With Me" (worn) {Bglg, Dev}

   It has a curse which improves the following skills: Beguiling: Hexes and
   Translocations.
   Devices:   Evocations and Shapeshifting.
 c - the cursed +0 hat "Cursed With Me" (worn) {Comp, Cun}

   It has a curse which improves the following skills: Companions: Summonings
   and Necromancy.
   Cunning:   Dodging and Stealth.
 k - the cursed +0 cloak of the Eye in the Sky (worn) {Range, Fort}
   (You found it on level 2 of the Dungeon)

   It has a curse which improves the following skills: Ranged Combat: Ranged
   Weapons and Throwing.
   Fortitude: Armour and Shields.
Magical Staves
 t - a staff of conjuration
Jewellery
 h - a ring of fire
 n - the cursed ring of the Eternal Stickiness (left hand) {MP+9, Dev, Sorc}
   (You found it on level 2 of the Dungeon)

   [ring of magical power]

   MP+9:      It affects your magic capacity (+9).
   It has a curse which improves the following skills: Devices: Evocations and
   Shapeshifting.
   Sorcery:   Conjurations and Alchemy.
 q - the cursed ring of the Ruined Sun (right hand) {rF+, Melee, Bglg}
   (You found it on level 3 of the Dungeon)

   [ring of protection from fire]

   rF+:       It protects you from fire.
   It has a curse which improves the following skills: Melee Combat: Short
   Blades, Long Blades, Axes, Maces & Flails, Polearms, Staves and Unarmed
   Combat.
   Beguiling: Hexes and Translocations.
 s - the cursed amulet "Fetters of Ashenzari" (around neck) {RegenMP+, Fort, Comp}
   (You found it on level 4 of the Dungeon)

   [amulet of magic regeneration]

   It increases your rate of magic regeneration.
   RegenMP+:  It increases your rate of magic regeneration.
   It has a curse which improves the following skills: Fortitude: Armour and
   Shields.
   Companions: Summonings and Necromancy.
Scrolls
 e - 2 scrolls of immolation
 i - a scroll of enchant weapon
 j - a scroll of poison
 l - a scroll of enchant armour
 m - 2 scrolls of vulnerability
 o - 2 scrolls of fog
 p - a scroll of revelation
 w - a scroll of brand weapon
 x - 4 scrolls of amnesia
Potions
 d - 3 potions of magic
 f - a potion of resistance
 g - 2 potions of attraction
 r - 2 potions of curing
 u - a potion of might
 A - a potion of lignification


   Skills:
 + Level 4.1 Fighting
 - Level 2.4(3.9) Dodging
 + Level 5.8(7.6) Stealth
 + Level 9.3 Spellcasting
 - Level 1.1(2.2) Conjurations
 * Level 8.1(10.8) Summonings
 - Level 1.1(2.7) Translocations


You had 14 spell levels left.
You knew the following spells:

 Your Spells              Type           Power      Damage    Failure   Level
a - Magic Dart            Conj           80%        1d7       2%          1
b - Blink                 Tloc           44%        N/A       3%          2
c - Call Imp              Summ           100%       N/A       1%          2
d - Cigotuvi's Dreadful   Necr/Alch/Air  22%        N/A       9%          2
e - Summon Small Mammal   Summ           100%       N/A       1%          1
f - Call Canine Familiar  Summ           55%        N/A       1%          3

Your spell library contained the following spells:

 Spells                   Type           Power      Damage    Failure   Level
 Kiss of Death            Conj/Necr      60%        2d10      3%          1
 Slow                     Hex            44%        N/A       6%          1
 Summon Blazeheart Golem  Fire/Summ      34%        N/A       7%          4
 Mephitic Cloud           Conj/Alch/Air  13%        N/A       14%         3
 Confusing Touch          Hex            11%        N/A       17%         3
 Dispel Undead            Necr           11%        3d9       50%         4


Dungeon Overview and Level Annotations

Branches:
Dungeon (7/15)             Temple (0/1) D:6

Altars:
Ashenzari
Cheibriados
Fedhas
Gozag
Hepliaklqana
Nemelex Xobeh
Okawaru
Sif Muna
Trog
Vehumet
Wu Jian
Xom
Yredelemnul
Zin

Shops:
D:4 (   D:5 *


Message History

Your cerulean imp hits the steam dragon with a +1 spear.
The steam dragon barely misses your cerulean imp.
The steam dragon closely misses your cerulean imp.
Your inugami hits the steam dragon!
Your cerulean imp closely misses the steam dragon.
The steam dragon breathes steam at you. The ball of steam hits you. You resist.
The orc warrior attacks as it pursues you!
The orc warrior closely misses you.
The orc warrior attacks as it pursues you!
The orc warrior hits you from afar with a +0 halberd!
The steam dragon closely misses something.
The steam dragon claws something but does no damage.
What are your orders? t - Shout!
Orders for allies: a - Attack new target. r - Retreat! s - Stop attacking. g - Guard the area. f - Follow me.
Anything else - Cancel.
Gang up on whom?
Press: ? - help, Dir - move target, f - steam dragon
Aim: a steam dragon (almost dead, ally target) Attack!
Your inugami hits the steam dragon!
The steam dragon dies!
Your base Summonings skill increases to level 8!
The orc warrior attacks as it pursues you!
The orc warrior hits you from afar with a +0 halberd!
You feel much better.
The orc warrior hits you from afar with a +0 halberd!
The orc warrior attacks as it pursues you!
The orc warrior hits you from afar with a +0 halberd!
The orc warrior attacks as it pursues you!
The orc warrior hits you from afar with a +0 halberd!
* * * LOW HITPOINT WARNING * * *
The orc warrior attacks as it pursues you!
The orc warrior hits you from afar with a +0 halberd!
* * * LOW HITPOINT WARNING * * *
The orc warrior attacks as it pursues you!
The orc warrior hits you from afar with a +0 halberd!
You die...

###....#.....)).[#############...
.#.....#.....[#### ###D
......###.....# #########
..............### #........
#...#.....#.....### #[)..(...
..###..>..###[....## #..[.....
....#.....#...#.#..######........
.............##.##..h............
#.....###....##.@.o######........
##.#...#.....#####.## #...)...)
#..(..#..#...####..#####........
###.......#.#...........###..####
#.....##.....#######.##..........
#....###......## #...##........
#..### #......÷#######....#.#####
.>.# #..ß#ß.......##..###.# ..##
#..#$#.....#.##......#


You could see an orc warrior (ally target) and a friendly inugami (summoned).

Vanquished Creatures
  A phantom (D:5)
  A scorpion (D:5)
  A wight (D:7)
  An orc priest (D:6)
  A hound (D:7)
  An orc wizard (D:4)
  An adder (D:2)
  An ufetubus (D:6)
  A dart slug (D:5)
  2 ribbon worms
  An orc (D:6)
  3 bats
  2 endoplasms
  A giant cockroach (D:1)
  3 goblins
  2 hobgoblins (D:3)
  2 jackals (D:1)
  2 quokkas
  5 ball pythons
  2 frilled lizards (D:1)
  4 kobolds
  2 rats (D:1)
40 creatures vanquished.

Vanquished Creatures (collateral kills)
  Grinder (D:3)
  Sigmund (D:4)
  A steam dragon (D:6)
  An orc warrior (D:6)
  An ice beast (D:6)
  A sky beast (D:7)
  An ogre (D:5)
  A bullfrog (D:6)
  2 scorpions (D:6)
  A wight (D:6)
  3 jellies
  A bombardier beetle (D:4)
  3 hounds
  2 orc priests (D:4)
  2 iguanas (D:6)
  A sleepcap (D:6)
  2 orc wizards
  A gnoll (D:4)
  5 adders
  An ufetubus (D:6)
  A dart slug (D:1)
  A ribbon worm (D:2)
  15 orcs
  4 endoplasms
  3 giant cockroaches
  4 goblins
  3 hobgoblins
  A jackal (D:1)
  A kobold (D:3)
  3 ball pythons
  2 frilled lizards
70 creatures vanquished.

Grand Total: 110 creatures vanquished

Notes
Turn   | Place    | Note
-------+----------+-------------------------------------------
     0 | D:1      | KennySheep the Deep Elf Hedge Wizard began the quest for
                  | the Orb.
     0 | D:1      | Reached XP level 1. HP: 10/10 MP: 7/7
   235 | D:1      | Reached skill level 5 in Spellcasting
   237 | D:1      | Reached XP level 2. HP: 15/15 MP: 1/10
   260 | D:1      | Learned a level 2 spell: Blink
   263 | D:1      | Learned a level 2 spell: Call Imp
   266 | D:1      | Learned a level 2 spell: Cigotuvi's Dreadful Rot
   546 | D:1      | Found a faded altar of an unknown god.
   561 | D:1      | Prayed at the altar of an unknown god.
   561 | D:1      | Became a worshipper of Ashenzari the Shackled
   916 | D:1      | Reached XP level 3. HP: 19/19 MP: 12/12
  1131 | D:2      | Reached skill level 6 in Spellcasting
  1446 | D:2      | Reached * piety under Ashenzari
  2343 | D:3      | Found a bloodstained altar of Trog.
  2356 | D:3      | Reached XP level 4. HP: 24/24 MP: 14/14
  2631 | D:3      | Learned a level 1 spell: Summon Small Mammal
  2635 | D:3      | Learned a level 3 spell: Call Canine Familiar
  2659 | D:3      | Found Zin's Purification Station.
  2662 | D:3      | Found a glowing silver altar of Zin.
  2667 | D:3      | Bought a potion of curing for 90 gold pieces
  2690 | D:3      | Reached ** piety under Ashenzari
  2753 | D:3      | Noticed Grinder
  2759 | D:3      | Paralysed by Grinder for 2 turns
  2806 | D:3      | Killed Grinder
  2807 | D:3      | Reached skill level 1 in Fighting
  2807 | D:3      | Reached skill level 7 in Spellcasting
  2807 | D:3      | Reached XP level 5. HP: 30/30 MP: 16/16
  2807 | D:3      | Reached XP level 6. HP: 35/35 MP: 18/18
  3266 | D:4      | Found a shimmering altar of Xom.
  3392 | D:4      | Identified the +3 chain mail "Syikeziv" {Int+4}
  3524 | D:4      | Found Ziecryhiw's Weapon Shop.
  3955 | D:4      | Noticed Sigmund
  4019 | D:4      | Reached skill level 5 in Summonings
  4086 | D:4      | Killed Sigmund
  4087 | D:4      | Reached XP level 7. HP: 40/40 MP: 20/20
  4239 | D:5      | Entered Level 5 of the Dungeon
  4309 | D:5      | Found a blossoming altar of Fedhas.
  4312 | D:5      | Found a sparkling altar of Nemelex Xobeh.
  4315 | D:5      | Found an ornate altar of the Wu Jian Council.
  4315 | D:5      | Found a hazy altar of Hepliaklqana.
  4315 | D:5      | Found a radiant altar of Vehumet.
  4315 | D:5      | Found an iron altar of Okawaru.
  4316 | D:5      | Found a basalt altar of Yredelemnul.
  4318 | D:5      | Found a shimmering blue altar of Sif Muna.
  4345 | D:5      | Found Utayli's Assorted Antiques.
  4361 | D:5      | Bought 2 inky potions for 55 gold pieces
  4389 | D:5      | Found a broken altar of Ashenzari.
  4410 | D:5      | Reached skill level 8 in Spellcasting
  4455 | D:5      | Reached *** piety under Ashenzari
  4485 | D:5      | Found a snail-covered altar of Cheibriados.
  4907 | D:6      | Reached **** piety under Ashenzari
  4923 | D:6      | Reached XP level 8. HP: 40/46 MP: 22/22
  5314 | D:6      | Found a staircase to the Ecumenical Temple.
  5318 | D:6      | Identified the +6 hand axe of the Chewing Fool {freeze,
                  | MP+9}
  5485 | D:6      | Reached skill level 5 in Stealth
  6104 | D:7      | Reached skill level 9 in Spellcasting
  6113 | D:7      | Found an opulent altar of Gozag.
  6603 | D:6      | Mangled by an orc warrior

Illustrated notes

Levels and vault maps discovered:
D:1:      ncdulo_watergridlock, layout_basic, basic_ecumenical_altar
D:2:      layout_basic, minmay_misc_feat_square, lightli_corner_chamber
D:3:      layout_loops_ring, zin_purify, mainiacjoe_overflow_24_doors,
          uniq_grinder
D:4:      layout_loops_corners, marbit_many_paths, serial_shops,
          nicolae_shop_tiny_waterfront, guppyfry_early_orc_mine, uniq_menkaure,
          uniq_sigmund
D:5:      layout_rooms, mainiacjoe_overflow_tiny_flanked,
          mainiacjoe_overflow_cross_hatched, grunt_temple_overflow_open,
          serial_shops, nicolae_shop_stone
D:6:      layout_rooms, minmay_temple_entry_tees, abandoned_shop,
          minmay_statues_item
D:7:      layout_loops_ring, nicolae_gozag_cash_rules_everything_around_me,
          nicolae_twisty_statue_hallways

Skill      XL: |  1  2  3  4  5  6  7  8 |
---------------+-------------------------+-----
Spellcasting   | 5 6 7 8 9 |  9.3
Summonings     | 3 5 6 8 |  8.1
Fighting       | 1 2 3 4 |  4.1
Stealth        | 3 4 5 |  5.8
Dodging        | |  2.4
Conjurations   | |  1.1
Translocations | |  1.1

Action                     |  1- 3 |  4- 6 |  7- 9 || total
---------------------------+-------+-------+-------++-------
  Melee: Dagger            |    15 |    33 |       ||    48
         Staff             |       |       |     3 ||     3
         Hand axe          |       |       |    23 ||    23
   Cast: Magic Dart        |    65 |    10 |    10 ||    85
         Call Imp          |    19 |     7 |    11 ||    37
         Blink             |     1 |       |     5 ||     6
         Summon Small Mamm |       |     6 |    21 ||    27
         Call Canine Famil |       |    13 |    21 ||    34
 Invoke: Curse Item        |     2 |     2 |     2 ||     6
    Use: Scroll            |       |       |     2 ||     2
         Potion            |       |       |     5 ||     5
   Stab: Sleeping          |     3 |     2 |       ||     5
 Armour: Robe              |    16 |    26 |    70 ||   112
  Dodge: Dodged            |    24 |    28 |    79 ||   131

Table legend: (Time is in decaauts)
 A = Elapsed time spent in this place.
 B = Non-inter-level travel time spent in this place.
 C = Inter-level travel time spent in this place.
 D = Time resting spent in this place.
 E = Time spent auto-exploring this place.
 F = Levels seen in this place.
 G = Mean time per level.
                   A        B        C        D        E       F      G
               +--------+--------+--------+--------+--------+-----+--------+
         Total |   6576 |   6238 |    338 |   1141 |   3531 |   7 |  939.4 |
       Dungeon |   6576 |   6238 |    338 |   1141 |   3531 |   7 |  939.4 |
               +--------+--------+--------+--------+--------+-----+--------+

Top non-repeatable levels by time:
     D:6: 1350 daAuts
     D:2: 1303 daAuts
     D:4: 1130 daAuts
     D:1: 990 daAuts
     D:5: 934 daAuts
     D:3: 813 daAuts
     D:7: 53 daAuts
